 Dungeon Crawl Stone Soup version 0.27-a0-604-g29a88b33a7 (webtiles) character file.

Game seed: 4160682291509455468

1416 nightchill the Covert (level 9, -10/59 HPs)
             Began as a Kobold Brigand on Mar 12, 2021.
             Was a Believer of Ashenzari.
             Mangled by an orc warrior
             ... wielding a +0 halberd
              (22 damage)
             ... in the Ecumenical Temple.
             The game lasted 00:17:12 (6114 turns).

nightchill the Covert (Kobold Brigand)              Turns: 6114, Time: 00:17:12

Health: -10/59     AC:  7    Str:  8    XL:     9   Next: 2%
Magic:  9/9        EV: 11    Int: 12    God:    Ashenzari [**....]
Gold:   288        SH:  0    Dex: 20    Spells: 8/8 levels left

rFire    . . .     SeeInvis +   a - +0 rapier "Chained With Me" {Bglg, Melee} (curse)
rCold    . . .     Faith    .   t - +0 buckler of Ashenzari's Elitism {Evo, Alch} (curse)
rNeg     . . .     Spirit   .   o - +0 ring mail
rPois    .         Reflect  .   (no helmet)
rElec    .         Harm     .   c - +0 cloak of Supernal Gnosis {Self, Alch} (curse)
rCorr    .         Rampage  .   z - +0 pair of gloves of Panopticon {Comp, Fort} (curse)
Will     .....                  (no boots)
Stlth    ++........             m - amulet of regeneration
HPRegen  1.19/turn              (no ring)
MPRegen  0.11/turn              (no ring)

@: confused
A: small, nightstalker 3
a: Renounce Religion, Shatter the Chains


You were in the Ecumenical Temple.
You worshipped Ashenzari.
Ashenzari was pleased with you.
You visited 2 branches of the dungeon, and saw 8 of its levels.

You collected 288 gold pieces.

Inventory:

Hand Weapons
 a - the cursed +0 rapier "Chained With Me" (weapon) {Bglg, Melee}
   (You found it on level 3 of the Dungeon)

   It has a curse placed upon it.
 b - a +1 dagger of venom
 k - a +0 hunting sling
 s - a +0 dagger of pain
 y - a +2 dagger
Missiles
 d - 73 poisoned darts (quivered)
 e - 2 curare-tipped darts
 l - 218 stones
Armour
 c - the cursed +0 cloak of Supernal Gnosis (worn) {Self, Alch}

   It has a curse placed upon it.
 o - a +0 ring mail (worn)
 t - the cursed +0 buckler of Ashenzari's Elitism (worn) {Evo, Alch}
   (You found it on level 2 of the Dungeon)

   It has a curse placed upon it.
 u - a +0 robe
 z - the cursed +0 pair of gloves of Panopticon (worn) {Comp, Fort}
   (You found it on level 3 of the Dungeon)

   It has a curse placed upon it.
 J - a +0 pair of gloves
Jewellery
 m - an amulet of regeneration (around neck)
 n - a +6 ring of strength
 p - an amulet of magic regeneration
 I - an amulet of guardian spirit
Wands
 j - a wand of polymorph (8)
 B - a wand of random effects (17)
 L - a wand of digging (6)
Scrolls
 f - 2 scrolls of fog
 g - 2 scrolls of blinking
 h - 3 scrolls of immolation
 i - 2 scrolls of enchant weapon
 q - 5 scrolls of identify
 r - a scroll of fear
 w - a scroll of amnesia
 A - 3 scrolls of teleportation
 G - a scroll of magic mapping
Potions
 v - a potion of cancellation
 x - 2 potions of invisibility
 C - 2 potions of flight
 D - a potion of magic
 E - a potion of curing
 F - a potion of ambrosia
 H - a potion of brilliance
 K - 2 potions of resistance


   Skills:
 + Level 6.0(8.0) Fighting
 - Level 2.6(7.4) Short Blades
 * Level 6.0(8.0) Long Blades
 - Level 2.1 Throwing
 - Level 1.2 Dodging
 + Level 9.1 Stealth


You had 8 spell levels left.
You didn't know any spells.
Your spell library contained the following spells:

 Spells                   Type           Power      Damage    Failure   Level
 Animate Skeleton         Necr           0%         N/A       83%         1
 Pain                     Necr           0%         1d4       83%         1
 Vampiric Draining        Necr           0%         2d6       99%         3
 Animate Dead             Necr           0%         N/A       100%        4
 Agony                    Necr           0%         N/A       100%        5


Dungeon Overview and Level Annotations

Branches:
Dungeon (7/15)             Temple (1/1) D:7

Altars:
Ashenzari
Fedhas
Gozag
Kikubaaqudgha
Makhleb
Nemelex Xobeh
Okawaru
Qazlal
Ru
Uskayaw
Vehumet
Wu Jian
Xom
Yredelemnul
The Shining One

Shops:
D:5 =

Annotations:
D:6 exclusion: downstairs


Innate Abilities, Weirdness & Mutations

You are small and have problems with some larger weapons.
You are completely attuned to the shadows.


Message History

HP restored.
Things that are here:
a +0 flail; an orc corpse
There is a staircase back to the Dungeon here.
You climb upwards.
Welcome back to the Dungeon!
The orc warrior hits you with a +0 halberd.
You block the orc priest's attack.
There is a staircase to the Ecumenical Temple here.
You hit the orc warrior but do no damage.
The orc priest looks encouraged for a moment.
The orc warrior hits you with a +0 halberd!
You hit the orc warrior but do no damage.
The orc wizard hits you with a +0 dagger.
The orc priest invokes the aid of Beogh against you.
Beogh smites you!
You are too injured to fight recklessly!
The orc wizard barely misses you.
The orc warrior hits you but does no damage.
The orc priest hits you.
You climb downwards.
Welcome back to the Ecumenical Temple!
There is a staircase back to the Dungeon here.
You hit the orc wizard.
The orc wizard is heavily wounded.
The orc wizard hits you with a +0 dagger.
The orc warrior hits you with a +0 halberd!!
* * * LOW HITPOINT WARNING * * *
The orc priest misses you.
You hit the orc wizard.
The orc wizard is heavily wounded.
The orc wizard casts a spell at you.
You are confused.
The orc warrior misses you. The orc priest barely misses you.
You barely miss the orc wizard.
The orc wizard is heavily wounded.
The orc wizard barely misses you.
You hit the orc wizard but do no damage.
The orc wizard is heavily wounded.
The orc priest hits you but does no damage.
The orc warrior hits you with a +0 halberd!!
You die...

, , , ,, , *
, ,, _....# ,
, .....## ..,
, , , *
,......#....,
..._..#.._. ,
...........
##...).....*
* ###..@..#*
...ooo... *
.......... *
, .._..#.._.
, , , ,....
.... , ** ,,
, , , , *,, ,
,, * ,


You could see an orc warrior, an orc priest and an orc wizard.

Vanquished Creatures
  Sigmund (D:5)
  An ice beast (D:5)
  2 ogres (D:6)
  A centaur (D:6)
  2 bullfrogs (D:6)
  A scorpion (D:4)
  2 killer bees (D:6)
  2 jellies
  A centaur skeleton (D:4)
  2 orc priests
  A bullfrog skeleton (D:6)
  2 iguanas
  Natasha (twice) (D:3)
  3 orc wizards
  3 worker ants
  A hound skeleton (D:3)
  9 adders
  An ooze (D:1)
  An ufetubus (D:6)
  4 worms
  A dart slug (D:4)
  4 leopard geckos
  18 orcs
  7 bats
  11 giant cockroaches
  6 goblins
  4 hobgoblins
  5 jackals
  8 kobolds
  A quokka (D:3)
  2 ball pythons
  5 frilled lizards
  A quokka skeleton (D:4)
  A quokka zombie (D:6)
  13 rats
  A butterfly (D:2)
130 creatures vanquished.

Notes
Turn   | Place    | Note
-------+----------+-------------------------------------------
     0 | D:1      | nightchill the Kobold Brigand began the quest for the Orb.
     0 | D:1      | Reached XP level 1. HP: 12/12 MP: 1/1
   188 | D:1      | Reached XP level 2. HP: 11/18 MP: 2/2
   565 | D:1      | Reached skill level 1 in Long Blades
   646 | D:1      | Reached XP level 3. HP: 20/22 MP: 3/3
  1625 | D:2      | Found a broken altar of Ashenzari.
  1718 | D:2      | Became a worshipper of Ashenzari the Shackled
  1933 | D:2      | Reached XP level 4. HP: 27/27 MP: 4/4
  1993 | D:2      | Reached skill level 6 in Stealth
  2518 | D:3      | Found a stormy altar of Qazlal.
  2520 | D:3      | Found an iron altar of Okawaru.
  2622 | D:3      | Found an ancient bone altar of Kikubaaqudgha.
  2623 | D:3      | Found a sparkling altar of Nemelex Xobeh.
  2627 | D:3      | Found an opulent altar of Gozag.
  2629 | D:3      | Found a blossoming altar of Fedhas.
  2848 | D:3      | Noticed Natasha
  2852 | D:3      | Killed Natasha
  2853 | D:3      | Reached XP level 5. HP: 33/33 MP: 5/5
  3259 | D:3      | Noticed Natasha
  3272 | D:3      | Killed Natasha
  3467 | D:4      | Found a glowing golden altar of the Shining One.
  3565 | D:4      | Reached XP level 6. HP: 31/38 MP: 6/6
  3640 | D:4      | Reached * piety under Ashenzari
  3961 | D:4      | Reached skill level 7 in Stealth
  4090 | D:4      | Found a burning altar of Makhleb.
  4090 | D:4      | Found a radiant altar of Vehumet.
  4159 | D:4      | Found Petaerih's Antique Armour Shoppe.
  4205 | D:4      | Reached XP level 7. HP: 38/44 MP: 7/7
  4540 | D:5      | Entered Level 5 of the Dungeon
  4563 | D:5      | Reached ** piety under Ashenzari
  4661 | D:5      | Noticed Sigmund
  4665 | D:5      | Killed Sigmund
  4718 | D:5      | HP: 1/47 [orc priest/+0 hand axe (7)]
  4819 | D:5      | Reached skill level 5 in Fighting
  4819 | D:5      | Reached XP level 8. HP: 32/52 MP: 8/8
  4854 | D:5      | Found Jah Vock's Jewellery Shop.
  5070 | D:6      | Reached skill level 5 in Long Blades
  5070 | D:6      | Reached skill level 8 in Stealth
  5861 | D:6      | Reached skill level 9 in Stealth
  5871 | D:6      | Reached XP level 9. HP: 28/59 MP: 9/9
  6027 | D:7      | Found a staircase to the Ecumenical Temple.
  6083 | Temple   | Entered the Ecumenical Temple
  6114 | Temple   | Mangled by an orc warrior

Illustrated notes

Levels and vault maps discovered:
D:1:      lightli_arrival_flooded_house, layout_loops_corners
D:2:      layout_basic, hangedman_glass_garden, grunt_ministairs_14,
          ashenzari_altar_1
D:3:      layout_loops_corners, grunt_temple_overflow_open, glass_columns_b,
          uniq_natasha
D:4:      minmay_chambers_of_threes, layout_basic,
          grunt_temple_overflow_lords_of_destruction, kennysheep_mini,
          serial_shops, nicolae_shop_competitors_out_of_business,
          eino_tiny_chamber
D:5:      layout_rooms, serial_shops, shop, uniq_sigmund
D:6:      layout_rooms
D:7:      layout_basic, minmay_temple_entry_ruins, makhleb_blood_cavern_becter
Temple:   nicolae_temple_x_marks_the_god

Skill      XL: |  1  2  3  4  5  6  7  8 |
---------------+-------------------------+-----
Long Blades    | 1 2 3 4 6 |  6.0
Fighting       | 3 4 5 6 |  6.0
Stealth        | 6 7 9 |  9.1
Short Blades   | |  2.6
Throwing       | |  2.1
Dodging        | |  1.2

Action                   |  1- 3 |  4- 6 |  7- 9 || total
-------------------------+-------+-------+-------++-------
Melee: Dagger            |    79 |    39 |       ||   118
       Rapier            |       |   239 |   215 ||   454
Invok: Curse Item        |       |     2 |     2 ||     4
  Use: Potion            |       |     2 |     1 ||     3
 Stab: Sleeping          |    19 |    28 |    15 ||    62
       Distracted        |       |     1 |       ||     1
Armor: Robe              |     5 |       |       ||     5
       Ring mail         |       |    76 |    50 ||   126
Dodge: Dodged            |    31 |   113 |   101 ||   245
Block: Buckler           |       |       |    37 ||    37

Table legend: (Time is in decaauts)
 A = Elapsed time spent in this place.
 B = Non-inter-level travel time spent in this place.
 C = Inter-level travel time spent in this place.
 D = Time resting spent in this place.
 E = Time spent auto-exploring this place.
 F = Levels seen in this place.
 G = Mean time per level.
                   A        B        C        D        E       F      G
               +--------+--------+--------+--------+--------+-----+--------+
         Total |   6095 |   5785 |    310 |    706 |   3884 |   8 |  761.9 |
       Dungeon |   6068 |   5758 |    310 |    694 |   3884 |   7 |  866.9 |
        Temple |     26 |     26 |      0 |     12 |      0 |   1 |   26.0 |
               +--------+--------+--------+--------+--------+-----+--------+

Top non-repeatable levels by time:
     D:1: 1553 daAuts
     D:4: 1144 daAuts
     D:3: 1011 daAuts
     D:6: 855 daAuts
     D:2: 817 daAuts
     D:5: 515 daAuts
     D:7: 170 daAuts
  Temple: 26 daAuts
